AoeStats
← ElverGun4U

Arabia

508315584Analyzed
1v1 RM · 10d ago on Sep 21, 2026· 47m 27s· 2 players
Game mode
Random Map
Map size
Tiny (2 player)
Population
200
Speed
Normal
Resources
Standard
Victory
Conquest
Starting age
Dark Age
Ending age
Imperial Age
RankedLock teamsTeams togetherTeam positionsShared explorationLock speedFull tech treeHidden civsTurbo modeCheats
Victory
Defeat
🇨🇴 Persians · Colombia
764
+15
🇺🇸 Teutons · United States
747
-15
Chanbara
4:41 Loom
10:01 Feudal Age
26:06 Double-Bit Axe
29:29 Castle Age
28:15 Fletching
28:48 Stone Mining
29:10 Horse Collar
33:22 Forging
33:17 Squires
35:04 Stone Shaft Mining
38:48 Heavy Plow
38:54 Pikeman
40:45 Iron Casting
41:04 Bow Saw
41:54 Gold Mining
43:33 Town Watch
46:58 Scale Mail Armor
47:37 Ballistics
ElverGun4U
3:01 Loom
10:03 Feudal Age
10:41 Double-Bit Axe
15:50 Fletching
18:17 Wheelbarrow
19:24 Horse Collar
25:37 Castle Age
26:25 Scale Barding Armor
26:35 Forging
27:05 Bloodlines
27:30 Husbandry
27:46 Heavy Plow
28:25 Chain Barding Armor
28:36 Crossbowman
31:59 Iron Casting
31:22 Bodkin Arrow
32:35 Bow Saw
35:27 Hand Cart
38:07 Gold Mining
45:43 Imperial Age
44:21 Kamandaran
45:27 Thumb Ring
46:57 Conscription
48:12 Plate Barding Armor
48:38 Blast Furnace
Connection lost

Rejoining the realm…

Still unreachable

The connection could not be restored.

Session expired

The server has moved on; the page needs a fresh start.